 Dungeon Crawl Stone Soup version 0.28-b1-70-g80dc712255 (webtiles) character file.

Game seed: 5535020672688505447

2 adizb the Charlatan (level 1, -2/9 HPs)
             Began as a Spriggan Artificer on Feb 3, 2022.
             Slain by a jackal (3 damage)
             ... on level 1 of the Dungeon.
             The game lasted 00:01:05 (19 turns).

adizb the Charlatan (Spriggan Artificer)              Turns: 19, Time: 00:01:06

Health: -2/9       AC:  2    Str:  8    XL:     1   Next: 33%
Magic:  2/2        EV: 17    Int: 12    God:
Gold:   0          SH:  0    Dex: 15    Spells: 0/0 levels left

rFire   . . .      SeeInvis +   a - +0 club
rCold   . . .      Faith    .   (no shield)
rNeg    . . .      Spirit   .   b - +0 robe
rPois   .          Reflect  .   (helmet restricted)
rElec   .          Harm     .   (no cloak)
rCorr   .          Rampage  .   (gloves unavailable)
Will    .....                   (boots unavailable)
Stlth   ++........              (no amulet)
HPRegen 0.03/turn               (no ring)
MPRegen 0.08/turn               (no ring)

@: very quick
A: very small, no large weapons, unfitting armour, see invisible, speed 3
a: no special abilities


You were on level 1 of the Dungeon.
You visited 1 branch of the dungeon, and saw 1 of its levels.

Inventory:

Hand Weapons
 a - a +0 club (weapon)
Armour
 b - a +0 robe (worn)
Wands
 c - a wand of flame (12) (quivered)
 d - a wand of charming (15)
Miscellaneous
 e - a piece from Xom's chessboard (15/15)


   Skills:
 - Level 0.7 Fighting
 + Level 3.2 Dodging
 + Level 1.7 Stealth
 + Level 0.2 Spellcasting
 + Level 4.0 Evocations


You couldn't memorise any spells.
You didn't know any spells.
Your spell library was empty.

Dungeon Overview and Level Annotations

Branches:
Dungeon (1/15)

Altars:


Innate Abilities, Weirdness & Mutations

You are very small and have problems with some larger weapons.
You are too small for most types of armour.
You have supernaturally acute eyesight. (SInv)
You cover ground extremely quickly. (Speed+++)


Message History

The jackal barely misses you.
An endoplasm comes into view.
The jackal barely misses you.
You barely miss the jackal.
The jackal is heavily wounded.
The endoplasm quivers.
The endoplasm jiggles.
The jackal bites you. x2
You hit the jackal.
You kill the jackal!
The jackal closely misses you.
You barely miss the jackal.
The jackal stops to sniff the ground.
The jackal closely misses you.
You see here 16 stones.
You closely miss the jackal. The jackal bites you.
You closely miss the jackal. The jackal completely misses you.
The jackal misses you. x2
Aiming: Throw Flame
Press: ? - help, Q - select action, (/) - cycle Shift-Dir - straight line, f - endoplasm
Aim: an endoplasm (98% to hit)
The puff of flame hits the jackal.
The jackal is heavily wounded.
The jackal bites you but does no damage.
The jackal misses you. The jackal bites you.
* * * LOW HITPOINT WARNING * * *
Aiming: Throw Flame
Press: ? - help, Q - select action, (/) - cycle Shift-Dir - straight line, f/p - endoplasm
Aim: an endoplasm (98% to hit)
The puff of flame hits the jackal.
You kill the jackal!
The jackal closely misses you.
You aren't carrying any scrolls.
You aren't carrying any potions.
Aiming: Throw Flame
Press: ? - help, Q - select action, (/) - cycle Shift-Dir - straight line, f - endoplasm, p - endoplasm
Aim: an endoplasm (98% to hit)
The puff of flame hits the endoplasm.
You kill the endoplasm!
The jackal misses you. The jackal bites you.
You die... ############### #.....JB..J...# ...wwJBJrh.. ...rrJr.h

#######'#######
#......JB@....#
+⌠....###h...⌠+
#......<......#
#..⌠...>...⌠..#
###+#######+###


You could see 2 worms, 5 endoplasms, a jackal, 3 giant cockroaches and 3 rats.

Vanquished Creatures
  An endoplasm (D:1)
  2 jackals (D:1)
3 creatures vanquished.

Notes
Turn   | Place    | Note
-------+----------+-------------------------------------------
     0 | D:1      | adizb the Spriggan Artificer began the quest for the Orb.
     0 | D:1      | Reached XP level 1. HP: 9/9 MP: 2/2
     2 | D:1      | Found a runed translucent door.
    19 | D:1      | Slain by a jackal

Illustrated notes

Levels and vault maps discovered:
D:1:      dpeg_arrival_caged_fury, layout_basic, minmay_misc_feat_plants,
          nrook_loot_triangle

Action                   || total
-------------------------++-------
Melee: Club              ||     8
Evoke: Wand              ||     3
Armor: Robe              ||     1
Dodge: Dodged            ||    14
